 Dungeon Crawl Stone Soup version 0.20.1-1-g8b1a95d (webtiles) character file.

399 dmj the Ruffian (level 6, -9/61 HPs)
             Began as a Troll Fighter on July 31, 2017.
             Mangled by an orc wizard
             ... wielding a +0 dagger of electrocution
              (17 damage)
             ... on level 4 of the Dungeon.
             The game lasted 00:11:53 (1988 turns).

dmj the Ruffian (Troll Fighter)                     Turns: 1988, Time: 00:11:54

Health: -9/61      AC:  5    Str: 27    XL:     6   Next: 53%
Magic:  5/5        EV: 13    Int:  6    God:
Gold:   167        SH:  0    Dex:  9    Spells: 5/5 levels left

rFire    . . .     SeeInvis .   i - +3 scythe (holy)
rCold    . . .     Gourm    +   (shield currently unavailable)
rNeg     . . .     Faith    .   t - +0 robe
rPois    .         Spirit   .   (helmet restricted)
rElec    .         Reflect  .   (no cloak)
rCorr    .         Harm     .   (gloves unavailable)
MR       .....                  (boots unavailable)
Stlth    +.........             (no amulet)
Regen    0.6/turn               k - +2 ring of evasion
MPRegen  0.1/turn               (no ring)

@: starving
A: unfitting armour, claws 3, horns 1, clever 1, fast metabolism 3, gourmand,
regeneration 1, shaggy fur 1, tough skin 2, sturdy frame 1
a: no special abilities


You were on level 4 of the Dungeon.
You were starving.

You visited 1 branch of the dungeon, and saw 4 of its levels.

You collected 167 gold pieces.

Inventory:

Hand Weapons
 i - a +3 scythe of holy wrath (weapon)
Missiles
 f - 8 javelins (quivered)
Armour
 b - a +0 shield
 t - a +0 robe (worn)
Jewellery
 k - a +2 ring of evasion (left claw)
Scrolls
 g - 2 scrolls of enchant armour
 j - a scroll of magic mapping
 l - a scroll of identify
 p - a scroll of amnesia
Potions
 e - 3 potions of curing
 n - a potion of haste {unknown}
Comestibles
 c - 2 fruits
 d - 2 bread rations
 m - a royal jelly


   Skills:
 + Level 3.1 Fighting
 + Level 0.4 Polearms
 + Level 3.5 Dodging
 + Level 0.5 Stealth
 + Level 3.8 Shields
 + Level 4.2 Unarmed Combat


You had 5 spell levels left.
You didn't know any spells.

Dungeon Overview and Level Annotations

Branches:
Dungeon (4/15)
 Temple: D:4-7

Altars:
Fedhas
Kikubaaqudgha


Innate Abilities, Weirdness & Mutations

You are too large for most types of armour.
You have claws for hands.
Your metabolism is lightning-fast.
You like to eat raw meat.
Your natural rate of healing is unusually fast.
You are covered in fur. (AC +1)
You have very tough skin. (AC +2)
You have a pair of small horns on your head.
Your mind is acute. (Int +2)
Your movements are slightly less encumbered by armour. (ER -2)


Message History

You feel less encumbered by your armour.
The adder skeleton barely misses you.
The orc wizard casts a spell.
The orc wizard seems to speed up.
The orc hits you with a short sword.
* * * LOW HITPOINT WARNING * * *
As you read the scroll of fog, it crumbles to dust.
The scroll dissolves into smoke.
The orc wizard hits you with a dagger of electrocution.
* * * LOW HITPOINT WARNING * * *
The adder skeleton closely misses you. The orc hits you with a short sword.
* * * LOW HITPOINT WARNING * * *
The orc priest shouts!
The orc wizard hits you with a dagger of electrocution.
* * * LOW HITPOINT WARNING * * *
The adder skeleton bites you but does no damage.
The orc priest looks braver for a moment.
The orc wizard hits you with a dagger of electrocution.
* * * LOW HITPOINT WARNING * * *
You are electrocuted!
You die...

#....<...##...≈≈≈..# *,,,,
#........#...≈≈≈≈..# *,,,,
#..........⌠.......# *,..,
#.................######*...,
##........####.#.o......##..,,
#..........###.##Z..........,, *
#........#..§§.§.........#***, **
#............§Z##.......##***,
,*##.........###@§##.o....<# *,,,
>,.............#oo##...÷...# *,**
*,..........##.§.§.o.......#**,*,
*,##................########*,,,,
,,*#.######...........#**,,,,,,,,
,,...* #.........#.#*,,****,,,
,,#.,**#####........#..>,,,,,*,,,
,,,..#...........#.....##***,,,,,
,**#.#...........#..(.##* ***,,,


You could see an orc priest, an orc wizard, an orc and an adder skeleton.

Vanquished Creatures
  Sigmund (D:3)
  The ghost of aspa the Magician, an amateur OpWz of Vehumet (D:3)
  Jessica (D:3)
  Natasha (thrice) (D:3)
  A howler monkey skeleton (D:4)
  5 adders
  2 worms
  3 dart slugs (D:1)
  3 leopard geckos
  7 orcs (D:3)
  3 giant cockroaches
  6 goblins
  5 hobgoblins
  4 jackals (D:3)
  5 kobolds
  A quokka (D:3)
  2 ball pythons
  8 bats
  3 frilled lizards
  6 rats
  4 plants (D:4)
74 creatures vanquished.

Notes
Turn   | Place    | Note
-------+----------+-------------------------------------------
     0 | D:1      | dmj the Troll Fighter began the quest for the Orb.
     0 | D:1      | Reached XP level 1. HP: 22/22 MP: 0/0
   143 | D:1      | Reached XP level 2. HP: 29/29 MP: 1/1
   732 | D:2      | Reached XP level 3. HP: 34/36 MP: 2/2
   959 | D:2      | You fall through a shaft!
   959 | D:3      | Noticed Natasha
   965 | D:3      | Killed Natasha
   965 | D:3      | Reached XP level 4. HP: 41/44 MP: 3/3
  1117 | D:3      | Noticed aspa's ghost (amateur OpWz)
  1127 | D:3      | Killed aspa's ghost
  1127 | D:3      | Reached skill level 3 in Unarmed Combat
  1127 | D:3      | Reached XP level 5. HP: 23/53 MP: 4/4
  1227 | D:3      | Noticed Jessica
  1239 | D:3      | Killed Jessica
  1313 | D:3      | Noticed Sigmund
  1321 | D:3      | Noticed Natasha
  1343 | D:3      | Killed Sigmund
  1343 | D:3      | Reached skill level 4 in Unarmed Combat
  1343 | D:3      | Reached XP level 6. HP: 30/61 MP: 5/5
  1347 | D:3      | Killed Natasha
  1558 | D:3      | Noticed Natasha
  1567 | D:3      | Killed Natasha
  1751 | D:4      | Found an ancient bone altar of Kikubaaqudgha.
  1898 | D:4      | Found a blossoming altar of Fedhas.
  1986 | D:4      | Gained mutation: You have a pair of small horns on your head. [potion of mutation]
  1986 | D:4      | Gained mutation: Your mind is acute. (Int +2) [potion of mutation]
  1986 | D:4      | Gained mutation: Your movements are slightly less encumbered by armour. (ER -2) [potion of mutation]
  1988 | D:4      | Mangled by an orc wizard

Skill      XL: |  1  2  3  4  5 |
---------------+----------------+-----
Dodging        | 3 |  3.5
Shields        | 3 |  3.8
Fighting       | 3 |  3.1
Unarmed Combat | 3 4 |  4.2
Polearms       | |  0.4
Stealth        | |  0.5

Action                   |  1- 3 |  4- 6 || total
-------------------------+-------+-------++-------
Melee: Unarmed           |   104 |    92 ||   196
       Scythe            |       |   103 ||   103
  Use: Scroll            |     5 |     6 ||    11
       Potion            |     2 |     2 ||     4
  Eat: Chunk             |     1 |     7 ||     8
       Meat ration       |     1 |       ||     1
       Fruit             |       |     2 ||     2
Armor: Robe              |    39 |    53 ||    92
       Skin              |       |     2 ||     2
Dodge: Dodged            |    42 |   121 ||   163
Block: Shield            |    42 |    48 ||    90
